 Dungeon Crawl Stone Soup version 0.31-a0-1074-g0b22e4e0f1 (webtiles) character file.

Game seed: 16334151950224518429

76 Lobster4 the Shooter (level 4, -3/38 HPs)
             Began as a Minotaur Hunter on Nov 29, 2023.
             Slain by a black bear (5 damage)
             ... on level 4 of the Dungeon.
             The game lasted 00:04:51 (2077 turns).

Lobster4 the Shooter (Minotaur Hunter)              Turns: 2077, Time: 00:04:52

Health: -3/38      AC:  9    Str: 16    XL:     4   Next: 12%
Magic:  3/3        EV: 10    Int:  6    God:
Gold:   155        SH:  0    Dex: 15    Spells: 3/3 levels left

rFire   . . .        a - +0 shortbow
rCold   + + .        (shield currently unavailable)
rNeg    . . .        k - +0 ice dragon scales
rPois   .            (helmet restricted)
rElec   .            (no cloak)
rCorr   .            (no gloves)
SInv    +            (no boots)
Will    .....        (no amulet) Stlth
                     s - ring of protection from fire
HPRegen 0.26/turn    n - ring of see invisible
MPRegen 0.08/turn

%: no passive effects
@: no status effects
A: horns 2, retaliatory headbutt
a: no special abilities


You were on level 4 of the Dungeon.
You visited 1 branch of the dungeon, and saw 4 of its levels.

You collected 155 gold pieces.

Inventory:

Hand Weapons
 a - a +0 shortbow (weapon)
 d - a +0 short sword
 f - a +2 heavy hand axe
 m - a +0 spear
Missiles
 e - 8 stones
 g - 4 boomerangs
 j - a poisoned dart
Armour
 c - a +0 leather armour
 k - +0 ice dragon scales (worn)
 r - a +0 buckler
 v - a +0 scale mail
Magical Staves
 o - a staff of air
Jewellery
 n - a ring of see invisible (right hand)
 s - a ring of protection from fire (left hand)
Wands
 t - a wand of mindburst (10)
Scrolls
 b - a scroll of butterflies
 h - a scroll of enchant weapon {unknown}
 i - 2 scrolls of noise {unknown}
 p - a scroll of fog
 q - a scroll of amnesia {unknown}
 x - 2 scrolls of teleportation {unknown}
 y - a scroll of brand weapon {unknown}
Potions
 u - a potion of cancellation
 w - 2 potions of heal wounds


   Skills:
 + Level 3.0 Fighting
 * Level 5.2 Ranged Weapons
 + Level 1.7 Armour
 + Level 2.9 Dodging
 - Level 1.0 Stealth
 + Level 0.0 Evocations


You had 3 spell levels left.
You didn't know any spells.
Your spell library contained the following spells:

 Spells                   Type           Power      Damage    Failure   Level
 Slow                     Hex            0%         N/A       94%         1
 Confusing Touch          Hex            0%         N/A       100%        3
 Sigil of Binding         Hex            0%         N/A       100%        3
 Vampiric Draining        Necr           0%         2d6       100%        3
 Conjure Ball Lightning   Conj/Air       0%         3x3d6     100%        6
 Discord                  Hex            0%         N/A       100%        8
 Disjunction              Tloc           0%         N/A       100%        8


Dungeon Overview and Level Annotations

Branches:
Dungeon (4/15)
 Temple: D:4-7

Altars:
Kikubaaqudgha

Annotations:
D:2 1 runed translucent door, Crazy Yiuf
D:3 Natasha


Innate Abilities, Weirdness & Mutations

You have a pair of horns on your head.
You reflexively headbutt those who attack you in melee.


Message History

The black bear closely misses you. The black bear bites you!
The black bear misses you.
The black bear claws you but does no damage.
You are too injured to fight recklessly!
Fire: a) +0 shortbow
Press: ? - help, Q - select action, (/) - cycle Shift-Dir - straight line, f/p - black bear
Aim: a black bear (almost dead, berserk, 69% to hit)
You shoot an arrow. The arrow hits the black bear.
The black bear is almost dead.
The black bear bites you but does no damage.
The black bear misses you. The black bear claws you.
* * * LOW HITPOINT WARNING * * *
The black bear bites you.
* * * LOW HITPOINT WARNING * * *
The black bear claws you but does no damage.
The black bear claws you.
* * * LOW HITPOINT WARNING * * *
Fire: a) +0 shortbow
Press: ? - help, Q - select action, (/) - cycle Shift-Dir - straight line, f/p - black bear
Aim: a black bear (almost dead, berserk, 69% to hit)
You shoot an arrow.
The arrow hits the black bear but does no damage.
The black bear is almost dead.
The black bear bites you but does no damage.
The black bear barely misses you.
The black bear claws you but does no damage.
The black bear bites you.
* * * LOW HITPOINT WARNING * * *
The black bear claws you.
* * * LOW HITPOINT WARNING * * *
The black bear claws you but does no damage.
Fire: a) +0 shortbow
Press: ? - help, Q - select action, (/) - cycle Shift-Dir - straight line, f/p - black bear
Aim: a black bear (almost dead, berserk, 69% to hit)
You shoot an arrow. The arrow barely misses the black bear.
The black bear bites you.
* * * LOW HITPOINT WARNING * * *
The black bear claws you but does no damage.
The black bear claws you.
You die...

#....#. #...( .. +....#.
#####.... ..######....#'
........####......####..
........#..#......#..#..
........#..+......+..#..
........#..#......#).'..
.......h#..#......#..#..
.......@#..#......#..#..
.....†....##............
##....####....##########
#.... #....# #... #....#
#... #....# ### #....#
#....# ......


You could see a black bear (berserk).

Vanquished Creatures
  2 adders
  An orc (D:3)
  6 endoplasms
  2 giant cockroaches
  9 hobgoblins
  4 jackals (D:1)
  5 kobolds (D:1)
  2 quokkas
  5 ball pythons (D:1)
  4 bats
  4 frilled lizards
  3 goblins
  7 rats
54 creatures vanquished.

Notes
Turn   | Place    | Note
-------+----------+-------------------------------------------
     0 | D:1      | Lobster4 the Minotaur Hunter began the quest for the Orb.
     0 | D:1      | Reached XP level 1. HP: 18/18 MP: 0/0
   208 | D:1      | Reached XP level 2. HP: 25/25 MP: 1/1
   215 | D:1      | Reached skill level 1 in Stealth
   484 | D:1      | Reached skill level 1 in Armour
   561 | D:1      | Reached XP level 3. HP: 25/30 MP: 2/2
   885 | D:2      | Reached skill level 5 in Ranged Weapons
   930 | D:2      | Found an ancient bone altar of Kikubaaqudgha.
  1061 | D:2      | Found a faded altar of an unknown god.
  1247 | D:2      | Found a runed translucent door.
  1248 | D:2      | Noticed Crazy Yiuf
  1455 | D:3      | Noticed Natasha
  2058 | D:4      | Reached XP level 4. HP: 38/38 MP: 3/3
  2059 | D:4      | Noticed a black bear
  2077 | D:4      | Slain by a black bear

Illustrated notes

Levels and vault maps discovered:
D:1:      ldierk_walled_garden_2, layout_basic
D:2:      layout_rooms, basic_altar, ebering_ecumenical_altar_abandoned,
          uniq_crazy_yiuf_cottage
D:3:      layout_loops_cross, uniq_natasha
D:4:      layout_gridville, minmay_diced_spiral

Skill      XL: |  1  2  3 |
---------------+----------+-----
Stealth        | 1 |  1.0
Armour         | 1 |  1.7
Ranged Weapons | 5 |  5.2
Fighting       | 3 |  3.0
Dodging        | |  2.9

Action                     |  1- 3 |  4- 6 || total
---------------------------+-------+-------++-------
   Fire: Shortbow          |   127 |    13 ||   140
  Throw: Dart              |       |     1 ||     1
  Evoke: Wand              |       |     4 ||     4
    Use: Scroll            |     3 |       ||     3
 Armour: Leather armour    |    25 |       ||    25
         Ice dragon scales |       |    43 ||    43
  Dodge: Dodged            |    20 |    14 ||    34

Table legend: (Time is in decaauts)
 A = Elapsed time spent in this place.
 B = Non-inter-level travel time spent in this place.
 C = Inter-level travel time spent in this place.
 D = Time resting spent in this place.
 E = Time spent auto-exploring this place.
 F = Levels seen in this place.
 G = Mean time per level.
                   A        B        C        D        E       F      G
               +--------+--------+--------+--------+--------+-----+--------+
         Total |   2108 |   2027 |     81 |      0 |   1684 |   4 |  527.0 |
       Dungeon |   2108 |   2027 |     81 |      0 |   1684 |   4 |  527.0 |
               +--------+--------+--------+--------+--------+-----+--------+

Top non-repeatable levels by time:
     D:1: 858 daAuts
     D:3: 725 daAuts
     D:2: 449 daAuts
     D:4: 74 daAuts
